 Dungeon Crawl Stone Soup version 0.28.0-1-gb440e238dd (webtiles) character file.

Game seed: 7880311463677593047

2732 Roflanpepe the Scholar of Death (level 9, -26/58 HPs)
             Began as a Demonspawn Necromancer on Feb 20, 2022.
             Was a Follower of Kikubaaqudgha.
             Annihilated by a boulder beetle (57 damage)
             ... on level 7 of the Dungeon.
             The game lasted 01:05:12 (10632 turns).

Roflanpepe the Scholar of Death (DsNe)             Turns: 10632, Time: 01:05:12

Health: -26/58     AC:  9    Str:  9    XL:     9   Next: 40%
Magic:  15/19      EV: 13    Int: 21    God:    Kikubaaqudgha [*.....]
Gold:   392        SH:  4    Dex: 13    Spells: 6/22 levels left

rFire   + . .      SeeInvis .   c - +0 short sword (drain)
rCold   + . .      Faith    .   (no shield)
rNeg    + . .      Spirit   .   i - +2 robe {rC+ rF+}
rPois   .          Reflect  .   (helmet restricted)
rElec   .          Harm     .   (no cloak)
rCorr   .          Rampage  .   (no gloves)
Will    .....                   (no boots)
Stlth   +++.......              (no amulet)
HPRegen 0.19/turn               n - ring of positive energy
MPRegen 0.16/turn               p - +4 ring of protection

@: no status effects
A: horns 2, rugged brown scales 1, condensation shield
a: Renounce Religion, Receive Corpses


You were on level 7 of the Dungeon.
You worshipped Kikubaaqudgha.
Kikubaaqudgha was aware of your devotion.
You visited 2 branches of the dungeon, and saw 8 of its levels.

You collected 452 gold pieces.
You spent 60 gold pieces at shops.

Inventory:

Hand Weapons
 c - a +0 short sword of draining (weapon)
 g - a +4 quarterstaff of chaos
 s - a +0 flail
Missiles
 k - 3 silver javelins
Armour
 a - a +0 robe
 i - a +2 robe of resistance (worn)
 j - a +1 ring mail of fire resistance
Jewellery
 n - a ring of positive energy (left hand)
 p - a +4 ring of protection (right hand)
Wands
 w - a wand of acid (7)
 A - a wand of paralysis (10)
Scrolls
 h - 3 scrolls of noise
 o - a scroll of blinking {unknown}
 r - 2 scrolls of silence
 v - 3 scrolls of teleportation
 x - a scroll of enchant weapon {unknown}
 y - a scroll of fear {unknown}
Potions
 b - 3 potions of attraction
 e - 7 potions of curing
 f - 2 potions of lignification
 l - 2 potions of invisibility
 m - a potion of haste {unknown}
 q - a potion of magic {unknown}
 t - a potion of brilliance {unknown}
 u - 2 potions of ambrosia
 z - 2 potions of degeneration {unknown}
 B - 2 potions of cancellation {unknown}
 C - a potion of mutation {unknown}


   Skills:
 + Level 5.0 Dodging
 + Level 5.4 Stealth
 * Level 7.1 Spellcasting
 * Level 9.4 Necromancy


You had 6 spell levels left.
You knew the following spells:

 Your Spells              Type           Power      Damage    Failure   Level
a - Pain                  Necr           100%       1d9       1%          1
b - Animate Skeleton      Necr           94%        N/A       1%          1
c - Vampiric Draining     Necr           47%        2d9       1%          3
d - Animate Dead          Necr           23%        N/A       1%          4
e - Blink                 Tloc           14%        N/A       13%         2
f - Agony                 Necr           47%        N/A       4%          5

Your spell library contained the following spells:

 Spells                   Type           Power      Damage    Failure   Level
 Corpse Rot               Necr/Air       54%        N/A       1%          2
 Lesser Beckoning         Tloc           7%         N/A       26%         3
 Manifold Assault         Tloc           7%         N/A       94%         5
 Metabolic Englaciation   Hex/Ice        3%         N/A       94%         5
 Yara's Violent Unravell  Hex/Tmut       3%         3d4       94%         5
 Eringya's Noxious Bog    Tmut/Pois      3%         N/A       100%        6


Dungeon Overview and Level Annotations

Branches:
Dungeon (7/15)             Temple (1/1) D:5

Altars:
Ashenzari
Cheibriados
Elyvilon
Gozag
Hepliaklqana
Kikubaaqudgha
Nemelex Xobeh
Okawaru
Qazlal
Ru
Sif Muna
Trog
Uskayaw
Vehumet
Wu Jian
Xom
Yredelemnul
Zin
The Shining One

Shops:
D:3 ?   D:4 *

Annotations:
D:4 3 runed translucent doors, Menkaure; paps's ghost, amateur OpFi


Innate Abilities, Weirdness & Mutations

You have a pair of horns on your head.
You are partially covered in rugged brown scales. (AC +1, +3% HP)
A meltable shield of frost defends you. (SH +4)


Message History

[Y]es or [N]o only, please.
Really fire in your orc zombie's direction? [Y]es or [N]o only, please.
Really fire in your orc zombie's direction?
Okay, then.
Unknown command.
Your orc zombie hits the boulder beetle with a +0 hand axe.
Something bites your orc zombie! Something bites your orc zombie!!
Your orc zombie is destroyed!
The boulder beetle bites your orc wizard zombie!!
Your orc wizard zombie is destroyed!
The boulder beetle leaps!
You see here a +0 scale mail.
What are your orders? t - Shout!
Orders for allies: a - Attack new target. p - Attack previous target. r - Retreat! s - Stop attacking. g - Guard the area. f - Follow me.
Anything else - Cancel.
Gang up on whom?
Press: ? - help, Dir - move target, f/p - boulder beetle
Aim: a boulder beetle (moderately wounded, ally target) Attack!
The boulder beetle leaps!
The boulder beetle waves its antennae.
The boulder beetle curls into a ball and begins rolling!
What are your orders? t - Shout!
Orders for allies: a - Attack new target. p - Attack previous target. r - Retreat! s - Stop attacking. g - Guard the area. f - Follow me.
Anything else - Cancel.
Gang up on whom?
Press: ? - help, Dir - move target, f/p - boulder beetle
Aim: a boulder beetle (moderately wounded, rolling, ally target) Attack!
The boulder beetle hits you!!!
Ouch! That really hurt!
You die...
Kikubaaqudgha rasps: "You have failed me!
Welcome... death!"

#............ #......#.PP...P
#.........# # ##..####..§..§.
..#.........#####.##..# #..#P§##
.......Z.......##.....# #.......
........B)..##.#####.#####P....§.
...#.#####.°...............P..PP.
'# #.#####.#°.Z#####.######.#.P..
...........○Z..............>P..
##B#.#######..○B@###.#####..#P.§P
...............[.###.### #....P.[
.....#######.#.........##########
. #.##..##..#...........
#...........####.####. #
....###.####..##.....##. #
......... #..#.......#. # ....
.....##..# #..#.......#. ## ....
..# #..# #......_.....


You could see a boulder beetle (rolling, ally target) and 2 friendly two-headed
ogre zombies.

Vanquished Creatures
  Pikel (D:5)
  Prince Ribbit (D:6)
  A water moccasin (D:7)
  An orc warrior (D:5)
  A black bear (D:5)
  A sky beast (D:4)
  2 necrophages
  2 centaurs
  A lemure (D:6)
  Blork the orc (D:4)
  4 scorpions
  A wyvern skeleton (D:6)
  A water moccasin skeleton (D:5)
  A howler monkey (D:7)
  A bullfrog zombie (D:5)
  3 hounds
  A gnoll shaman (D:7)
  2 centaur skeletons
  Crazy Yiuf (D:5)
  A bullfrog skeleton (D:5)
  Jessica (D:3)
  4 iguanas
  2 orc wizards
  A killer bee zombie (D:7)
  A hound skeleton (D:4)
  A gnoll (D:7)
  8 adders
  An ufetubus (D:6)
  2 worms
  2 dart slugs (D:1)
  10 orcs
  10 ball pythons
  11 endoplasms
  3 giant cockroaches
  8 goblins
  6 hobgoblins
  4 jackals
  11 kobolds
  2 quokkas
  3 bats
  3 frilled lizards
  A quokka skeleton (D:4)
  7 rats
130 creatures vanquished.

Vanquished Creatures (collateral kills)
  A scorpion (D:5)
  A wyvern zombie (D:7)
  A howler monkey (D:7)
  An orc priest (D:5)
  An orc wizard (D:5)
  4 gnolls (D:7)
  7 orcs
  A hobgoblin (D:1)
  A quokka (D:3)
  A jackal skeleton (D:4)
  A rat (D:1)
20 creatures vanquished.

Vanquished Creatures (others)
  A fungus (D:5)
1 creature vanquished.

Grand Total: 151 creatures vanquished

Notes
Turn   | Place    | Note
-------+----------+-------------------------------------------
     0 | D:1      | Roflanpepe the Demonspawn Necromancer began the quest for
                  | the Orb.
     0 | D:1      | Reached XP level 1. HP: 13/13 MP: 3/3
     2 | D:1      | Learned a level 1 spell: Animate Skeleton
   420 | D:1      | Found a faded altar of an unknown god.
   491 | D:1      | Gained mutation: You have a pair of small horns on your
                  | head. [demonic ancestry]
   491 | D:1      | Reached XP level 2. HP: 18/19 MP: 3/5
  1360 | D:1      | Gained mutation: A meltable shield of frost defends you.
                  | (SH +4) [demonic ancestry]
  1360 | D:1      | Reached XP level 3. HP: 18/24 MP: 3/6
  1435 | D:1      | Learned a level 3 spell: Vampiric Draining
  2670 | D:3      | Reached skill level 5 in Necromancy
  2700 | D:3      | Noticed Jessica
  3065 | D:3      | Killed Jessica
  3066 | D:3      | Reached XP level 4. HP: 26/30 MP: 2/8
  3171 | D:3      | Found Wiphe's Magic Scroll Shop.
  3192 | D:3      | Bought a scroll of identify for 24 gold pieces
  3192 | D:3      | Bought a scroll of teleportation for 36 gold pieces
  3365 | D:3      | Found a hide-covered altar of Uskayaw.
  4365 | D:4      | Noticed Menkaure
  4433 | D:4      | Reached XP level 5. HP: 28/35 MP: 5/9
  4813 | D:4      | Learned a level 4 spell: Animate Dead
  4858 | D:4      | Noticed a phantom
  4902 | D:4      | Reached skill level 6 in Necromancy
  4902 | D:4      | Gained mutation: You are partially covered in rugged brown
                  | scales. (AC +1, +3% HP) [demonic ancestry]
  4902 | D:4      | Reached XP level 6. HP: 20/42 MP: 7/11
  4993 | D:4      | Noticed paps's ghost (amateur OpFi)
  5296 | D:4      | Learned a level 2 spell: Blink
  5338 | D:4      | Found Ijiramu's Mayhem Merchandise.
  5446 | D:4      | Noticed Blork the orc
  5907 | D:4      | Found a runed translucent gate.
  5907 | D:4      | Found a runed translucent gate.
  5907 | D:4      | Found a runed translucent gate.
  6281 | D:5      | Entered Level 5 of the Dungeon
  6671 | D:4      | Killed Blork the orc
  6672 | D:4      | Reached XP level 7. HP: 35/47 MP: 3/13
  7111 | D:5      | Found a staircase to the Ecumenical Temple.
  7121 | Temple   | Entered the Ecumenical Temple
  7149 | Temple   | Became a worshipper of Kikubaaqudgha
  7173 | D:5      | Reached skill level 7 in Necromancy
  7511 | D:4      | Reached skill level 5 in Spellcasting
  7725 | D:5      | Got the Disquisition on Ensnaring Contamination
  7732 | D:5      | Learned a level 5 spell: Agony
  7764 | D:5      | HP: 1/47 [centaur/arrow (3)]
  7973 | D:5      | Reached XP level 8. HP: 41/53 MP: 0/15
  8117 | D:5      | Found a sacrificial altar of Ru.
  8121 | D:5      | Found an ornate altar of the Wu Jian Council.
  8426 | D:5      | Found an iron altar of Okawaru.
  8459 | D:5      | Reached skill level 8 in Necromancy
  8679 | D:5      | Found a runed translucent door.
  8680 | D:5      | Noticed Crazy Yiuf
  8687 | D:5      | Killed Crazy Yiuf
  8859 | D:6      | Noticed Pikel
  8910 | D:6      | Noticed Prince Ribbit
  9037 | D:6      | Killed Prince Ribbit
  9176 | D:5      | Killed Pikel
  9177 | D:5      | Reached skill level 5 in Stealth
  9177 | D:5      | Reached skill level 9 in Necromancy
  9177 | D:5      | Gained mutation: You have a pair of horns on your head.
                  | [demonic ancestry]
  9177 | D:5      | Reached XP level 9. HP: 58/58 MP: 4/19
  9468 | D:6      | Found a bloodstained altar of Trog.
  9570 | D:6      | Reached * piety under Kikubaaqudgha
  9570 | D:6      | Received a gift from Kikubaaqudgha
 10327 | D:7      | Found a broken altar of Ashenzari.
 10464 | D:7      | Found a hazy altar of Hepliaklqana.
 10477 | D:7      | Reached skill level 5 in Dodging
 10604 | D:7      | Noticed a boulder beetle
 10632 | D:7      | Annihilated by a boulder beetle

Illustrated notes

Levels and vault maps discovered:
D:1:      onia_arrival_mini_spirals, layout_basic, basic_ecumenical_altar
D:2:      layout_loops_corners
D:3:      layout_loops_corners, mainiacjoe_overflow_concentric_impassable,
          serial_shops, nicolae_shop_stone, kennysheep_generic_room_14,
          uniq_jessica
D:4:      layout_rooms, mainiacjoe_overflow_alcove_2, gammafunk_ghost_split,
          grunt_ministairs_12, minmay_shop_mayhem, uniq_menkaure,
          uniq_blork_the_orc
D:5:      black_bear_nest_1, layout_cave_pools, okawaru_ov_weapons_minmay,
          grunt_temple_overflow_open, minmay_temple_entry_mist,
          cheibrodos_sewer_entry_sluice, serial_column_ruins,
          column_ruins_columns_dead_end, column_ruins_corridor_corner,
          column_ruins_columns_straight, column_ruins_open_tiny,
          column_ruins_open_small_water, uniq_crazy_yiuf_cottage
D:6:      layout_rooms, trog_hazing_becter, uniq_prince_ribbit1, uniq_pikel
D:7:      layout_basic, old_standard_altar, nicolae_hepliaklqana_hazy_memory
Temple:   minmay_freezing_vapour_temple

Skill      XL: |  1  2  3  4  5  6  7  8  9 |
---------------+----------------------------+-----
Stealth        | 2 3 4 5 |  5.4
Dodging        | 2 3 4 5 |  5.0
Necromancy     | 5 6 7 9 |  9.4
Spellcasting   | 3 4 5 6 7 |  7.1

Action                   |  1- 3 |  4- 6 |  7- 9 || total
-------------------------+-------+-------+-------++-------
Melee: Short sword       |    42 |    78 |   206 ||   326
       Unarmed           |     1 |       |       ||     1
       Headbutt          |     9 |    11 |    40 ||    60
       Punch             |       |       |     4 ||     4
 Cast: Pain              |    54 |    50 |    38 ||   142
       Animate Skeleton  |     6 |     7 |    10 ||    23
       Vampiric Draining |     2 |    14 |    35 ||    51
       Blink             |       |     2 |     4 ||     6
       Animate Dead      |       |     1 |     6 ||     7
       Agony             |       |       |     1 ||     1
Invok: Receive Corpses   |       |       |     5 ||     5
  Use: Scroll            |     3 |     7 |     5 ||    15
       Potion            |       |     1 |     3 ||     4
 Stab: Sleeping          |     1 |       |       ||     1
Armor: Robe              |     9 |    19 |   134 ||   162
Dodge: Dodged            |    51 |    57 |   207 ||   315
Block: Other             |     7 |    22 |    43 ||    72
